 Dungeon Crawl Stone Soup version 0.17.0-23-g0de4337 (console) character file.

74 gw the Gusty (level 3, -2/28 HPs)
             Began as a Demigod Air Elementalist on Nov 14, 2015.
             Slain by a giant frog (3 damage)
             ... on level 3 of the Dungeon.
             The game lasted 00:02:16 (2320 turns).

gw the Gusty (Demigod Air Elementalist)             Turns: 2320, Time: 00:02:16

Health: -2/28      AC:  3    Str: 11    XL:     3   Next: 85%
Magic:  0/9        EV: 12    Int: 21    God:
Gold:   64         SH:  0    Dex: 16    Spells: 3 memorised, 2 levels left

rFire  . . .     SeeInvis .     b - +1 dagger
rCold  . . .     Clarity  .     j - +0 leather armour
rNeg   . . .     SustAt   +     (no shield)
rPois  .         Gourm    .     (no helmet)
rElec  .         Spirit   .     (no cloak)
rCorr  .         Warding  .     (no gloves)
rMut   .         Stasis   .     (no boots)
MR     .....                    (no amulet)
Stlth  ++........               (no ring)
                                (no ring)

@: very slightly contaminated, repel missiles, not resistant to hostile
enchantments, unstealthy
A: high mp 1, sustain attributes
a: no special abilities


You were on level 3 of the Dungeon.
You were hungry.

You visited 1 branch of the dungeon, and saw 3 of its levels.

You collected 64 gold pieces.

Inventory:

Hand Weapons
 b - a +1 dagger (weapon)
Missiles
 a - 78 stones (quivered)
 k - 19 poisoned needles
Armour
 j - a +0 leather armour (worn)
Scrolls
 g - 3 scrolls of identify
 n - 2 scrolls of recharging
Books
 h - a book of Air

   Spells                             Type                      Level
   a - Shock                          Conjuration/Air              1
   b - Swiftness                      Charms/Air                   2
   c - Repel Missiles                 Charms/Air                   2
   d - Static Discharge               Conjuration/Air              3
   e - Lightning Bolt                 Conjuration/Air              5
Comestibles
 c - a slice of pizza
 d - a beef jerky
 m - a meat ration


   Skills:
 + Level 1.0 Fighting
 + Level 1.2 Short Blades
 + Level 1.0 Armour
 - Level 1.7 Dodging
 - Level 1.7 Stealth
 * Level 2.6 Spellcasting
 - Level 0.8 Conjurations
 + Level 3.0 Air Magic


You had 2 spell levels left.
You knew the following spells:

 Your Spells              Type           Power        Failure   Level  Hunger
a - Shock                 Conj/Air       ##..         10%         1    None
b - Swiftness             Chrm/Air       #.......     17%         2    ##.....
c - Repel Missiles        Chrm/Air       #.....       17%         2    ##.....


Dungeon Overview and Level Annotations

Branches:
Dungeon (3/15)


Innate Abilities, Weirdness & Mutations

You have an increased reservoir of magic (+10% MP).
Your attributes are resistant to harm.


Message History

Aiming: Shock
Press: ? - help, Shift-Dir - straight line, f/p - giant frog
Aim: a giant frog (moderately wounded)
The zap misses the giant frog.
The giant frog misses you. The giant gecko completely misses you.
Casting: Shock
Confirm with . or Enter, or press ? or * to list all spells.
Aiming: Shock
Press: ? - help, Shift-Dir - straight line, f/p - giant frog
Aim: a giant frog (moderately wounded)
The zap hits the giant frog.
The giant frog is heavily wounded.
The giant frog hits you.
The giant gecko bites you but does no damage.
The giant frog misses you.
ATTACKING (-1,0)
You closely miss the giant frog.
The giant frog is heavily wounded.
The giant frog hits you.
You die...

.#####.....#......
.............#..#
.............#..# .
.....##>........######..
....#####.$#............
..........#....#.#......
....### #.....%._.......
....# ##.#....#l###...
....# #..##...Fp# ....#
#.#####.### .#### #.#
#.# .# ##.# #..
.######..# ##..
..##....## ... ........#
### ..........#
.........##


You could see a giant frog and a giant gecko.

Table legend:
 A = Turns spent in this place as a percentage of turns spent in the entire game.
 B = Non-inter-level travel turns spent in this place as a percentage of non-inter-level travel turns spent in the entire game.
 C = Inter-level travel turns spent in this place as a percentage of turns spent in this place.
 D = Turns resting spent in this place as a percentage of non-inter-level travel turns spent in this place.
 E = Turns spent auto-exploring this place as a percentage of non-inter-level travel turns spent in this place.
 F = Non-inter-level travel turns spent in this place divided by the number of levels of this place that you've seen.
                   A       B       C       D       E      F
               +-------+-------+-------+-------+-------+----------------------
         Total | 100.0 | 100.0 |   0.3 |   2.7 |   3.5 | 995.0
       Dungeon | 100.0 | 100.0 |   0.3 |   2.7 |   3.5 | 995.0
               +-------+-------+-------+-------+-------+----------------------

Table legend:
 A = Kills in this place as a percentage of kills in entire the game.
 B = Kills by you in this place as a percentage of kills by you in the entire game.
 C = Kills by friends in this place as a percentage of kills by friends in the entire game.
 D = Other kills in this place as a percentage of other kills in the entire game.
 E = Experience gained in this place as a percentage of experience gained in the entire game.
 F = Experience gained in this place divided by the number of levels of this place that you have seen.
                   A       B       C       D       E      F
               +-------+-------+-------+-------+-------+----------------------
         Total | 100.0 | 100.0 |  -nan |  -nan | 100.0 |  35.3
       Dungeon | 100.0 | 100.0 |  -nan |  -nan | 100.0 |  35.3
               +-------+-------+-------+-------+-------+----------------------

Vanquished Creatures
  4 adders
  A worm (D:2)
  A giant gecko (D:1)
  An orc (D:3)
  2 ball pythons
  2 bats (D:2)
  4 giant cockroaches
  5 hobgoblins
  5 goblins
  4 kobolds
  4 rats
33 creatures vanquished.

Notes
Turn   | Place    | Note
--------------------------------------------------------------
     0 | D:1      | gw the Demigod Air Elementalist began the quest for the Orb.
     0 | D:1      | Reached XP level 1. HP: 14/14 MP: 5/5
   694 | D:1      | Reached XP level 2. HP: 20/20 MP: 4/7
   726 | D:1      | Learned a level 2 spell: Swiftness
   729 | D:1      | Learned a level 2 spell: Repel Missiles
   744 | D:2      | Found a deep blue altar of Sif Muna.
  1296 | D:2      | Reached XP level 3. HP: 27/27 MP: 2/9
  1377 | D:2      | Reached skill level 1 in Armour
  1377 | D:2      | Reached skill level 3 in Air Magic
  2075 | D:3      | Reached skill level 1 in Short Blades
  2286 | D:3      | Found an ancient bone altar of Kikubaaqudgha.
  2289 | D:3      | Reached skill level 1 in Fighting
  2300 | D:3      | Noticed a giant frog
  2319 | D:3      | HP: 1/28 [giant frog (2)]
  2320 | D:3      | Slain by a giant frog

Action                   || total
-------------------------++-------
Melee: Dagger            ||     5
Throw: Stone             ||     5
 Cast: Shock             ||   104
       Repel Missiles    ||     2
  Use: Scroll            ||     8
       Potion            ||     4
  Eat: Bread ration      ||     1

Vault maps used:
D:1:      tarquinn_simple_flora_water_d, minivault_5
D:2:      nicolae_overflow_crystal_walls
D:3:      lemuel_crystal_altar, nicolae_qazlal_style_of_elements
